cohdb
Replays
Latest Replays
All Replays
Popular Replays
Top Player Replays
Match Explorer
How It Works
Community
CoH3 Stats
Reddit
Sign in to upload your games and track your stats! →
Sign in with Steam
Match 43724777
Unlisted
Match 43724777
Overview
Messages
Build Orders
End
Engineer Squad
Construct Weapon Support Center
Selects Special Operations Battlegroup
Selects M29 Weasel Recon Vehicle
M29 Weasel Recon Vehicle
M1919 Machine Gun Team
M1919 Machine Gun Team
M1919 Machine Gun Team
Mechanized Support Center
Construct Medical Station
M3 Armored Personnel Carrier
Selects Smoke Screen
Improved M9 Bazooka Rockets
Designate Forward Repair Station
Selects SSF Commando Squad
SSF Commando Squad
SSF Commando Squad
Smoke Screen
Construct Tank Depot
M4A1 Sherman Medium Tank
Smoke Screen
Selects P-47 Anti-Infantry Loiter
Selects UNKNOWN (2162291)
M4A1 Sherman Medium Tank
P-47 Anti-Infantry Loiter
Smoke Screen
M4A1 76mm Conversion
Menty
Lizenz
MrGlaucus
Discoverer
0
0
Comments
sign in to comment!
No comments posted yet!